 Dungeon Crawl Stone Soup version 0.25.0-1-g7eea58d (webtiles) character file.

Game seed: 10117910653171572069

147938 Illumine the Basher (level 17, 0/108 HPs)
             Began as a Gargoyle Fighter on June 29, 2020.
             Was the Champion of the Shining One.
             Slain by an anaconda (4 damage)
             ... on level 1 of the Snake Pit.
             The game lasted 01:13:15 (27472 turns).

Illumine the Basher (Gargoyle Fighter)             Turns: 27472, Time: 01:13:16

Health: 0/108      AC: 34    Str: 28    XL:     17   Next: 48%
Magic:  13/28      EV:  7    Int: 22    God:    the Shining One [******]
Gold:   2578       SH: 34    Dex:  7    Spells: 22/31 levels left

rFire    + + .     SeeInvis .   a - +7 flail of the Glowing Goat {vorpal, *Corrode Str+4 Int+10 Dex-2}
rCold    + . .     Gourm    .   A - +0 tower shield
rNeg     + + +     Faith    .   F - +4 fire dragon scales
rPois    ∞         Spirit   .   (no helmet)
rElec    +         Reflect  +   l - +0 cloak of Muegrif {rC+ Regen+}
rCorr    +         Harm     .   V - +0 pair of gloves
MR       +....                  Z - +0 pair of boots
Stlth    ..........             j - amulet of reflection
HPRegen  0.68/turn              t - ring of resist corrosion
MPRegen  0.21/turn              u - ring of protection from cold

@: divine shield, flying, slowed, glowing, constricted, studying Summonings,
very slow
A: big wings, negative energy resistance 1, electricity resistance, unbreathing,
petrification resistance, no potion heal 1, rot immunity, AC +12
a: Stop Flying, Divine Shield, Cleansing Flame, Summon Divine Warrior, Brand
Weapon With Holy Wrath, Renounce Religion


You were on level 1 of the Snake Pit.
You worshipped the Shining One.
The Shining One was exalted by your worship.
You were not hungry.

You visited 6 branches of the dungeon, and saw 30 of its levels.
You also visited: Ossuary, Bailey and Gauntlet.

You collected 3456 gold pieces.
You spent 878 gold pieces at shops.

Inventory:

Hand Weapons
 a - the +7 flail of the Glowing Goat (weapon) {vorpal, *Corrode Str+4 Int+10 Dex-2}
   (You found it on level 4 of the Dungeon)

   It inflicts extra damage upon your enemies.
   It affects your strength (+4).
   It affects your intelligence (+10).
   It affects your dexterity (-2).
   It may corrode you when you take damage.
 b - the +7 hand crossbow of Pride {vorpal, *Corrode Dex+6}
   (You bought it in a shop on level 1 of the Orcish Mines)

   Any bolt fired from it inflicts extra damage.
   It affects your dexterity (+6).
   It may corrode you when you take damage.
Missiles
 R - 236 bolts
Armour
 l - the +0 cloak of Muegrif (worn) {rC+ Regen+}
   (You found it in a Gauntlet)

   It protects you from cold.
   It increases your rate of regeneration.
 A - a +0 tower shield (worn)
 F - +4 fire dragon scales (worn)
 V - a +0 pair of gloves (worn)
 Z - a +0 pair of boots (worn)
Jewellery
 j - an amulet of reflection (around neck)
 k - an uncursed ring of teleportation
 t - a ring of resist corrosion (left hand)
 u - a ring of protection from cold (right hand)
 H - an uncursed ring of ice
 N - an uncursed ring of protection from fire
 Q - an uncursed ring of see invisible
Wands
 h - a wand of polymorph (8)
 r - a wand of disintegration (21)
 s - a wand of iceblast (18)
 B - a wand of digging (23)
 E - a wand of paralysis (33)
 G - a wand of acid (29)
 M - a wand of flame (91)
 O - a wand of enslavement (12)
Scrolls
 m - 5 scrolls of immolation
 p - a scroll of vulnerability
 q - 11 scrolls of teleportation
 w - 4 scrolls of enchant armour
 x - 12 scrolls of remove curse
 y - 5 scrolls of magic mapping
 z - a scroll of silence
 C - 2 scrolls of amnesia
 K - 8 scrolls of fog
 L - 10 scrolls of identify
 S - 5 scrolls of enchant weapon
 U - 3 scrolls of fear
 X - 2 scrolls of holy word
Potions
 d - 5 potions of might
 e - 5 potions of haste
 g - 3 potions of lignification
 i - 9 potions of curing
 n - 3 potions of magic
 o - 5 potions of berserk rage
 D - 2 potions of mutation
 I - 2 potions of ambrosia
 J - 4 potions of brilliance
 T - 3 potions of resistance
 W - 2 potions of invisibility
 Y - 2 potions of cancellation
Books
 v - a manual of Summonings
Comestibles
 c - 3 chunks of flesh
 f - 34 rations


   Skills:
 + Level 12.8 Fighting
 - Level 14.0 Maces & Flails
   Level 4.3 Slings
 + Level 5.8 Crossbows
 + Level 12.8 Armour
 - Level 7.7 Dodging
 + Level 12.7 Shields
 + Level 7.5 Spellcasting
 + Level 10.7 Summonings
 + Level 4.6 Air Magic
 + Level 10.9 Invocations


You had 22 spell levels left.
You knew the following spells:

 Your Spells              Type           Power        Failure   Level  Hunger
a - Summon Small Mammal   Summ           ####         1%          1    None
b - Summon Lightning Spi  Summ/Air       #####...     32%         4    ###....
c - Swiftness             Chrm/Air       ###.....     41%         2    None
d - Blink                 Tloc           N/A          75%         2    None

Your spell library contained the following spells:

 Spells                   Type           Power        Failure   Level  Hunger
 Call Imp                 Summ           ######..     1%          2    None
 Call Canine Familiar     Summ           ######..     2%          3    None
 Recall                   Summ/Tloc      N/A          26%         3    None
 Summon Guardian Golem    Hex/Summ       ####....     26%         3    None
 Shock                    Conj/Air       ###.         30%         1    None
 Corpse Rot               Necr/Air       N/A          41%         2    None
 Corona                   Hex            #......      61%         1    None
 Freeze                   Ice            #...         61%         1    None
 Magic Dart               Conj           #...         61%         1    None
 Static Discharge         Conj/Air       ###.....     65%         3    None
 Summon Ice Beast         Ice/Summ       ####....     65%         4    ###....
 Ensorcelled Hibernation  Hex/Ice        #.....       75%         2    None
 Searing Ray              Conj           #.....       75%         2    None
 Shroud of Golubria       Chrm/Tloc      #.....       75%         2    None
 Slow                     Hex            #.......     75%         2    None
 Airstrike                Air            ####......   75%         4    ###....
 Mephitic Cloud           Conj/Pois/Air  ###.....     77%         3    None
 Confusing Touch          Hex            #.......     93%         3    None
 Conjure Flame            Conj/Fire      #.......     93%         3    None
 Dazzling Flash           Conj/Hex       #.....       93%         3    None
 Frozen Ramparts          Ice            #.....       93%         3    None
 Gell's Gravitas          Tloc           #.........   93%         3    None
 Lesser Beckoning         Tloc           #.........   93%         3    None
 Ozocubu's Armour         Chrm/Ice       #.......     93%         3    None
 Teleport Other           Tloc           #.......     93%         3    None
 Tukima's Dance           Hex            #.......     93%         3    None
 Animate Dead             Necr           N/A          100%        4    ###....
 Dispel Undead            Necr           #.......     100%        4    ###....
 Fulminant Prism          Conj/Hex       #.........   100%        4    ###....
 Hailstorm                Conj/Ice       #.......     100%        4    ###....
 Iskenderun's Mystic Bla  Conj/Tloc      #.......     100%        4    ###....
 Passage of Golubria      Tloc           N/A          100%        4    ###....
 Agony                    Necr           #.......     100%        5    #####..
 Borgnjor's Vile Clutch   Necr/Erth      #.........   100%        5    #####..
 Excruciating Wounds      Chrm/Necr      #.........   100%        5    #####..
 Irradiate                Conj/Tmut      #.........   100%        5    #####..
 Lightning Bolt           Conj/Air       ###.......   100%        5    #####..
 Death Channel            Necr           #.........   100%        6    ######.
 Freezing Cloud           Conj/Ice/Air   ###.......   100%        6    ######.
 Hydra Form               Tmut           #.........   100%        6    ######.
 Simulacrum               Ice/Necr       #.........   100%        6    ######.
 Dragon Form              Tmut           #.........   100%        7    #######
 Sublimation of Blood     Necr           Unusable     N/A         2    N/A
 Statue Form              Tmut/Erth      Unusable     N/A         6    N/A

Dungeon Overview and Level Annotations

Branches:
Dungeon (15/15)            Temple (1/1) D:5            Lair (6/6) D:8
  Swamp (4/4) Lair:2        Snake (2/4) Lair:2        Slime (0/5) Lair:6
    Orc (2/2) D:12            Elf (0/3) Orc:2        Vaults (0/5) D:14
Ossuary (visited)          Bailey (visited)         Gauntlet (visited)
 Depths: D:15

Altars:
Ashenzari
Dithmenos
Elyvilon
Fedhas
Makhleb
Nemelex Xobeh
Qazlal
Trog
Uskayaw
Vehumet
Wu Jian
Xom
Zin
The Shining One
Beogh
Jiyva

Shops:
D:8 !   D:12 ***   Orc:1 (   Orc:2 }?=!   Snake:1 }}=

Annotations:
D:11 2 runed translucent doors
D:15 Jorgrun


Innate Abilities, Weirdness & Mutations

You are resistant to torment.
Your stone body is resilient. (AC +12)
You are immune to poison.
Your large and strong wings let you fly indefinitely.
You resist negative energy. (rN+)
You are resistant to electric shocks. (rElec)
You can survive without breathing.
You are immune to petrification.
You are immune to rotting.
Potions are less effective at restoring your health.


Message History

You collide with the naga ritualist!
The naga ritualist spits poison at you.
The splash of poison reflects off an invisible shield around you!
The splash of poison hits the naga ritualist.
The anaconda bites you but does no damage.
The anaconda constricts you.
Okay, then.
The golden flame engulfs you but does no damage.
The golden flame engulfs the naga ritualist!
You kill the naga ritualist!
The golden flame engulfs the black mamba!!!
You kill the black mamba!
The golden flame engulfs the anaconda!!
The anaconda is almost dead.
The golden flame engulfs the anaconda!
The anaconda is almost dead.
The golden flame engulfs the naga mage!
The naga mage is lightly wounded.
You feel somewhat more hungry. You block the anaconda's attack. x2
You die...

##.......#.♣.# ##.#
#.....####...### ###.
########.......## #.##
##.........## ##..
##...........## #...
##...##...##...## ###.
#...###.♣.###...# #. ##
##..####.).####..## ##. .#
#...# #..S@.# #...# ###..
## #>.♣# #..>SN# #♣.♣#
##.... # #...# #.....#
#...# ##..... #
##..####)..####..####....#.
###
#...###.♣.###...###..#..#.
..##
##...##)..##...###.....#..
.#.#
####...........###..#...#..
...## #.###..!......##
##.#..#...
....###.####.......##
######...


You could see 2 anacondas and a naga mage (fast, poisoned).

Vanquished Creatures
  2 thorn hunters
  Kirke (D:12)
  2 orc warlords
  A minotaur (Gauntlet)
  2 fire dragons
  3 naga warriors
  2 ghost crabs
  14 hydras
  4 shambling mangroves
  A hell beast (Gauntlet)
  A catoblepas (Lair:4)
  2 anacondas
  2 centaur warriors
  9 alligators
  4 two-headed ogres
  An ogre mage (D:14)
  5 death yaks (Lair:5)
  An orc high priest (Orc:2)
  A tengu warrior (Gauntlet)
  3 shock serpents (Snake:1)
  Urug (D:12)
  10 naga sharpshooters
  Nergalle (Lair:3)
  2 unseen horrors
  A phantasmal warrior (Swamp:4)
  The ghost of rhysdieslots the Frost Mage, a novice MfIE of Dithmenos (D:6)
  A naga ritualist (Snake:1)
  A spectral hydra (Swamp:4)
  13 swamp dragons
  2 sea snakes (Snake:1)
  A wolf spider (Lair:6)
  2 mana vipers (Snake:1)
  A deep elf mage (D:13)
  A manticore (D:12)
  11 orc sorcerers
  6 orc knights
  An ugly thing (D:12)
  2 salamanders (Snake:1)
  Maurice (D:12)
  6 elephants
  2 cyclopes
  20 black mambas
  A gargoyle (D:11)
  6 naga magi
  A guardian serpent (Lair:6)
  17 spiny frogs
  Joseph (Lair:1)
  15 rime drakes
  2 komodo dragons
  An efreet (D:13)
  A tengu conjurer (Gauntlet)
  8 trolls
  A death drake zombie (Swamp:4)
  A polar bear (Lair:4)
  7 slime creatures
  A death drake skeleton (Swamp:4)
  13 hornets
  13 blink frogs
  8 bog bodies
  15 tyrant leeches
  A hippogriff (shapeshifter) (Gauntlet)
  7 hippogriffs
  Prince Ribbit (D:7)
  6 dream sheep
  2 redbacks (Lair:6)
  3 shadows
  A spriggan (Swamp:3)
  2 vampires (D:6)
  22 yaks
  16 wyverns
  6 hogs (D:12)
  A hungry ghost (D:13)
  2 basilisks
  10 steam dragons
  15 vampire mosquitoes
  10 swamp worms
  17 wargs
  20 nagas
  19 insubstantial wisps
  14 water moccasins
  7 porcupines
  3 hydra simulacra (Swamp:4)
  A hell hound (Gauntlet)
  10 swamp drakes
  An ice beast (D:7)
  52 orc warriors
  A phantom (D:12)
  3 sky beasts
  A swamp dragon zombie (Swamp:4)
  An eye of draining (shapeshifter) (Gauntlet)
  A hornet zombie (D:13)
  2 black bears (D:8)
  15 ogres
  7 wolves
  3 centaurs
  15 crocodiles
  A big kobold (D:9)
  An elf zombie (D:6)
  22 bullfrogs
  A wyvern zombie (D:6)
  An elf skeleton (D:6)
  A wyvern skeleton (D:14)
  A scorpion (shapeshifter) (Gauntlet)
  7 scorpions
  24 killer bees
  10 wights
  7 howler monkeys
  2 electric eels (Snake:1)
  2 bullfrog zombies
  5 crimson imps
  3 jellies
  4 human zombies (D:6)
  A quasit (D:11)
  6 centaur skeletons
  A bullfrog skeleton (D:13)
  19 orc priests
  5 hounds
  38 orc wizards
  Jessica (D:3)
  4 human skeletons (D:6)
  10 iguanas
  10 worker ants
  A big kobold zombie (Ossuary)
  3 hound skeletons
  8 mummies (Ossuary)
  3 worker ant zombies
  17 adders
  4 shadow imps
  An adder skeleton (D:9)
  4 worms
  A dart slug (D:1)
  7 leopard geckos
  153 orcs
  A ball python (D:4)
  4 giant cockroaches
  4 gnoll zombies (Ossuary)
  5 goblins
  8 hobgoblins
  5 jackals
  5 quokkas
  5 bats
  11 frilled lizards
  A hobgoblin zombie (Ossuary)
  11 kobolds
  A kobold zombie (Ossuary)
  An orc skeleton (D:6)
  An orc zombie (Ossuary)
  4 rats
  2 briar patches (Swamp:1)
1016 creatures vanquished.

Vanquished Creatures (others)
  Aizul (Snake:1)
  A mana viper (Snake:1)
  A black mamba (Snake:1)
  A slime creature (Swamp:2)
  A vampire mosquito (Swamp:1)
  A naga (Snake:1)
  A bullfrog (D:15)
  2 orc wizards (Orc:2)
  3 orcs
  A briar patch (Swamp:1)
  8 demonic plants (Gauntlet)
  14 fungi
  49 plants
84 creatures vanquished.

Grand Total: 1100 creatures vanquished

Notes
Turn   | Place    | Note
-------+----------+-------------------------------------------
     0 | D:1      | Illumine the Gargoyle Fighter began the quest for the Orb.
     0 | D:1      | Reached XP level 1. HP: 14/14 MP: 1/1
   228 | D:1      | Reached XP level 2. HP: 13/19 MP: 2/2
  1088 | D:2      | Reached XP level 3. HP: 17/23 MP: 3/3
  2103 | D:3      | Reached skill level 3 in Maces & Flails
  2225 | D:3      | Reached XP level 4. HP: 29/29 MP: 4/4
  2714 | D:3      | Noticed Jessica
  2721 | D:3      | Killed Jessica
  2721 | D:3      | Reached XP level 5. HP: 20/33 MP: 5/5
  3086 | D:4      | Got a warped flail
  3087 | D:4      | Identified the +7 flail of the Glowing Goat {vorpal,
                  | *Corrode Str+4 Int+10 Dex-2} (You found it on level 4 of
                  | the Dungeon)
  3148 | D:4      | Reached skill level 4 in Maces & Flails
  3148 | D:4      | Reached XP level 6. HP: 37/39 MP: 6/6
  3240 | D:4      | Found a shimmering altar of Xom.
  3240 | D:4      | Noticed an angel
  3241 | D:4      | Found a glowing silver altar of Zin.
  3553 | D:4      | You fall into a shaft and drop 3 floors!
  3568 | D:7      | Noticed an orc warrior
  3588 | D:7      | Killed an orc warrior
  3609 | D:7      | Reached XP level 7. HP: 27/44 MP: 7/7
  3809 | D:7      | Reached skill level 5 in Maces & Flails
  3809 | D:7      | Reached skill level 5 in Armour
  3823 | D:7      | Reached skill level 5 in Fighting
  3927 | D:7      | Reached skill level 5 in Shields
  4043 | D:6      | Reached XP level 8. HP: 40/49 MP: 8/8
  4051 | D:6      | Reached skill level 6 in Maces & Flails
  4120 | D:6      | Found a sand-covered staircase.
  4129 | Ossuary  | Entered an ossuary
  4583 | D:6      | Reached skill level 7 in Maces & Flails
  4647 | D:6      | Reached XP level 9. HP: 39/56 MP: 9/9
  4856 | D:5      | Entered Level 5 of the Dungeon
  4856 | D:5      | Found a staircase to the Ecumenical Temple.
  4864 | Temple   | Entered the Ecumenical Temple
  4883 | Temple   | Became a worshipper of the Shining One
  5691 | D:6      | Found a transporter.
  5694 | D:6      | Reached skill level 8 in Maces & Flails
  5696 | D:6      | Noticed rhysdieslots's ghost (novice MfIE)
  5696 | D:6      | Reached * piety under the Shining One
  6059 | D:6      | Found a transporter.
  6402 | D:7      | Noticed Prince Ribbit
  6409 | D:7      | Killed Prince Ribbit
  7019 | D:8      | Reached skill level 1 in Invocations
  7043 | D:8      | Reached skill level 1 in Dodging
  7043 | D:8      | Reached XP level 10. HP: 39/63 MP: 11/11
  7055 | D:8      | Reached skill level 9 in Maces & Flails
  7274 | D:8      | Found a staircase to the Lair.
  7335 | D:8      | Reached ** piety under the Shining One
  7617 | D:8      | Found a blossoming altar of Fedhas.
  7617 | D:8      | Found a faded altar of an unknown god.
  7622 | D:8      | Found a stormy altar of Qazlal.
  7624 | D:8      | Found a white marble altar of Elyvilon.
  7626 | D:8      | Found a burning altar of Makhleb.
  8137 | D:8      | Found Ruiril's Distillery.
  8142 | D:8      | Bought a potion of heal wounds for 65 gold pieces
  8202 | Lair:1   | Entered Level 1 of the Lair of Beasts
  8202 | Lair:1   | Noticed Joseph
  8210 | Lair:1   | Killed Joseph
  8244 | Lair:1   | Noticed a black mamba
  8251 | Lair:1   | Killed a black mamba
  8720 | Lair:1   | Noticed a spiny frog
  8728 | Lair:1   | Killed a spiny frog
  8728 | Lair:1   | Reached skill level 10 in Maces & Flails
  9189 | Lair:2   | Reached XP level 11. HP: 62/68 MP: 13/13
  9228 | Lair:2   | Reached skill level 1 in Slings
  9696 | Lair:2   | Found a staircase to the Snake Pit.
  9771 | Lair:2   | Found a staircase to the Swamp.
  9772 | Lair:2   | Noticed a seven-headed hydra
  9786 | Lair:2   | Killed a seven-headed hydra
 10033 | Lair:2   | Reached skill level 5 in Invocations
 10744 | Lair:3   | Noticed Nergalle
 10762 | Lair:3   | Noticed a spectral orc warlord
 10765 | Lair:3   | Killed Nergalle
 10880 | Lair:3   | Reached skill level 11 in Maces & Flails
 10988 | Lair:3   | Reached XP level 12. HP: 61/76 MP: 14/16
 11868 | Lair:4   | Found a gate leading to a gauntlet.
 11882 | Gauntlet | Entered a Gauntlet
 11882 | Gauntlet | Found a transporter.
 11882 | Gauntlet | Found a transporter.
 11883 | Gauntlet | Noticed a tengu warrior
 11884 | Gauntlet | Found a transporter.
 11886 | Gauntlet | Found a transporter.
 11888 | Gauntlet | Found a large runed translucent door.
 11889 | Gauntlet | Found a large runed translucent door.
 11890 | Gauntlet | Found a large runed translucent door.
 11890 | Gauntlet | Found a large runed translucent door.
 11890 | Gauntlet | Found a runed translucent door.
 11890 | Gauntlet | Found a runed translucent door.
 11891 | Gauntlet | Found a large runed translucent door.
 11891 | Gauntlet | Found a large runed translucent door.
 11891 | Gauntlet | Found a large runed translucent door.
 11891 | Gauntlet | Found a large runed translucent door.
 11892 | Gauntlet | Found a large runed translucent door.
 11892 | Gauntlet | Found a large runed translucent door.
 11892 | Gauntlet | Found a large runed translucent door.
 11893 | Gauntlet | Found a large runed translucent door.
 11893 | Gauntlet | Found a large runed translucent door.
 11894 | Gauntlet | Found a runed translucent gate.
 11894 | Gauntlet | Found a runed translucent gate.
 11894 | Gauntlet | Found a runed translucent gate.
 11896 | Gauntlet | Found a transporter.
 11898 | Gauntlet | Found a transporter.
 11898 | Gauntlet | Found a transporter.
 11900 | Gauntlet | Found a transporter.
 11900 | Gauntlet | Found a transporter.
 11906 | Gauntlet | Found a large runed translucent door.
 11909 | Gauntlet | Noticed a hell beast
 11910 | Gauntlet | Found a transporter.
 11927 | Gauntlet | Found a transporter.
 11962 | Gauntlet | Found a transporter.
 12004 | Gauntlet | Killed a tengu warrior
 12021 | Gauntlet | Found a large runed translucent door.
 12024 | Gauntlet | Found a large runed translucent door.
 12074 | Gauntlet | Killed a hell beast
 12090 | Gauntlet | Got an encrusted cloak
 12096 | Gauntlet | Identified the cursed +0 cloak of Muegrif {rC+ Regen+} (You
                  | found it in a Gauntlet)
 12127 | Gauntlet | Noticed a minotaur
 12139 | Gauntlet | Killed a minotaur
 12307 | Lair:4   | Learned a level 1 spell: Summon Small Mammal
 12403 | Lair:4   | Reached skill level 1 in Summonings
 12460 | Lair:4   | Reached skill level 1 in Spellcasting
 12523 | Lair:4   | Noticed a catoblepas
 12535 | Lair:4   | Killed a catoblepas
 12759 | Lair:4   | Reached *** piety under the Shining One
 12767 | Lair:4   | Reached skill level 10 in Armour
 12794 | Lair:4   | Reached skill level 10 in Fighting
 12794 | Lair:4   | Reached skill level 10 in Shields
 12794 | Lair:4   | Reached XP level 13. HP: 78/82 MP: 18/18
 12810 | Lair:4   | Reached skill level 12 in Maces & Flails
 13106 | Lair:4   | Noticed a fire dragon
 13134 | Lair:4   | Killed a fire dragon
 13173 | Lair:4   | Found the +3 salamander hide armour {+Rage rF++}
 13736 | Lair:5   | Reached skill level 5 in Summonings
 13739 | Lair:5   | Reached skill level 5 in Dodging
 14199 | Lair:6   | Entered Level 6 of the Lair of Beasts
 14305 | Lair:6   | Found a staircase to the Slime Pits.
 14306 | Lair:6   | Found a viscous altar of Jiyva.
 14339 | Lair:6   | Gained mutation: Your large and strong wings let you fly
                  | indefinitely. [Gargoyle growth]
 14339 | Lair:6   | Reached XP level 14. HP: 88/88 MP: 20/20
 14542 | Lair:6   | Learned a level 4 spell: Summon Lightning Spire
 15022 | Lair:6   | Reached skill level 1 in Air Magic
 15218 | Lair:6   | Learned a level 2 spell: Swiftness
 15221 | Lair:6   | Learned a level 2 spell: Blink
 15440 | D:9      | Reached **** piety under the Shining One
 15972 | D:10     | Entered Level 10 of the Dungeon
 16486 | D:11     | Found a runed translucent door.
 17129 | D:11     | Found a runed translucent door.
 17131 | D:11     | Reached ***** piety under the Shining One
 17513 | D:6      | Killed rhysdieslots's ghost
 17709 | D:12     | Noticed Maurice
 17782 | D:12     | Found a staircase to the Orcish Mines.
 17797 | Orc:1    | Entered Level 1 of the Orcish Mines
 17819 | D:12     | Noticed Kirke
 17845 | D:12     | Noticed a sphinx
 18021 | D:12     | Found Foemun's Assorted Antiques.
 18073 | D:12     | Killed Kirke
 18217 | Orc:1    | Reached skill level 5 in Spellcasting
 18224 | Orc:1    | Paralysed by an orc sorcerer for 4 turns
 18253 | Orc:1    | Found a flagged portal.
 18259 | Bailey   | Entered a bailey
 18503 | Bailey   | Found a roughly hewn altar of Beogh.
 18668 | Orc:2    | Entered Level 2 of the Orcish Mines
 18749 | Orc:1    | Reached skill level 13 in Maces & Flails
 18831 | Orc:1    | Found Jysuc's Weapon Emporium.
 18841 | Orc:1    | Bought the +7 hand crossbow of Pride {vorpal, *Corrode
                  | Dex+6} for 813 gold pieces
 18868 | Orc:1    | Reached XP level 15. HP: 42/95 MP: 22/22
 19232 | Orc:2    | Found a roughly hewn altar of Beogh.
 19268 | Orc:2    | Found Puebi's Gadget Boutique.
 19296 | Orc:2    | Found Xuhierr's Magic Scroll Emporium.
 19300 | Orc:2    | Reached skill level 1 in Crossbows
 19359 | Orc:2    | Gained mutation: Potions are less effective at restoring
                  | your health. [a neqoxec]
 19516 | Orc:2    | Noticed an orc warlord
 19567 | Orc:2    | Paralysed by an orc sorcerer for 2 turns
 19575 | Orc:2    | Killed an orc warlord
 19583 | Orc:2    | Noticed an orc warlord
 19708 | Orc:1    | Paralysed by an orc sorcerer for 4 turns
 19823 | Orc:1    | Killed an orc warlord
 20120 | Orc:2    | Identified the Catalogue of Unstable Weightlessness
 20210 | Orc:2    | Found Kypruk Ishruf's Distillery.
 20229 | Orc:2    | Found Miuge Ijami's Jewellery Boutique.
 20298 | Orc:2    | Found a staircase to the Elven Halls.
 20682 | D:12     | Found Aseon's General Store.
 20764 | D:12     | Found Aklumm's Assorted Antiques.
 20917 | D:12     | Noticed Urug
 20928 | D:12     | Killed Urug
 20942 | D:12     | Killed Maurice
 20993 | D:12     | Found a sparkling altar of Nemelex Xobeh.
 22301 | D:14     | Found a gate to the Vaults.
 22464 | D:14     | Got a faintly humming ring mail
 22465 | D:14     | Identified the +1 ring mail of Diyplixt {*Corrode +Blink
                  | rF++ rN+} (You found it on level 14 of the Dungeon)
 22603 | D:15     | Entered Level 15 of the Dungeon
 22618 | D:15     | Noticed Jorgrun
 22885 | Swamp:1  | Entered Level 1 of the Swamp
 23073 | Swamp:1  | Noticed a thorn hunter
 23092 | Swamp:1  | Killed a thorn hunter
 23231 | Swamp:1  | Reached ****** piety under the Shining One
 23231 | Swamp:1  | Reached XP level 16. HP: 101/101 MP: 25/25
 24051 | Swamp:2  | Reached skill level 10 in Invocations
 24220 | Swamp:2  | HP: 1/101 [tyrant leech (15)]
 24438 | Swamp:3  | Reached skill level 14 in Maces & Flails
 24841 | Swamp:3  | Noticed a thorn hunter
 24853 | Swamp:3  | Killed a thorn hunter
 25227 | Swamp:4  | Entered Level 4 of the Swamp
 25572 | Swamp:4  | Reached skill level 10 in Summonings
 25607 | Swamp:4  | The Shining One protects you from harm!
 25873 | Swamp:4  | Reached skill level 5 in Crossbows
 26139 | Snake:1  | Entered Level 1 of the Snake Pit
 26268 | Lair:2   | Reached XP level 17. HP: 96/108 MP: 27/27
 26837 | Snake:1  | Noticed Aizul
 26855 | Snake:1  | Killed Aizul
 27026 | Snake:1  | Found Uhut's Gadget Boutique.
 27027 | Snake:1  | Found Onwor's Jewellery Shoppe.
 27028 | Snake:1  | Found Ingiczel's Gadget Boutique.
 27471 | Snake:1  | HP: 3/108 [naga mage/lance of force (13)]
 27472 | Snake:1  | Slain by an anaconda

Illustrated notes

Levels and vault maps discovered:
D:1:      nzn_arrival_settlement, layout_basic, minmay_lizard_pond
D:2:      layout_loops_ring, first_ration, kennysheep_generic_room_11
D:3:      layout_loops_ring, kennysheep_jessica_study
D:4:      layout_basic, grunt_temple_overflow_order_and_chaos_1
D:5:      layout_gridville, minmay_temple_entry_trees
D:6:      minmay_cornered_nines, layout_basic, gammafunk_ghost_mausoleum,
          nicolae_ossuary_entry_catacombs
D:7:      layout_basic, uniq_prince_ribbit1
D:8:      layout_loops_corners, chequers_temple_overflow_minitemple,
          minmay_lair_entry_grove, serial_shops, kennysheep_little_box
D:9:      layout_cave_pools
D:10:     layout_basic
D:11:     cheibrodos_histonic, layout_layer_cave
D:12:     layout_small_grid, david_orc_2, basic_altar, serial_shops, shop, shop,
          shop, uniq_maurice, uniq_urug, uniq_kirke
D:13:     layout_gridville
D:14:     layout_roguey [special_room_orc], david_vaults_2
D:15:     grunt_enter_depths_hoard, layout_cave_pools, minmay_splitting_lines,
          chequers_garden, uniq_agnes, uniq_josephine, uniq_jorgrun
Temple:   eino_temple_scatter_basement
Lair:1:   layout_cave_pods, uniq_joseph
Lair:2:   layout_cave_shapes, minmay_swamp_entry_reptiles,
          guppyfry_snake_entry_island
Lair:3:   layout_layer_cave, uniq_nergalle
Lair:4:   layout_loops_ring, gauntlet_entry_generic, bobbens_dragon_lair_wall,
          grunt_megastairs_2, lemuel_fruit_fields, infiniplex_staircase_pool,
          serial_bayou_shore_b
Lair:5:   layout_cave_shapes, beast_lair_carwin_3, lemuel_fruit_tree
Lair:6:   hangedman_lair_tendril_chambers, layout_layer_cave,
          guppyfry_lair_end_dragon, slime_altar_1, cheibrodos_lair_lostbears
Swamp:1:  layout_basic_swamp, hangedman_swamp_ruin_wall, swamp_pool2,
          nicolae_swamp_dense_foliage
Swamp:2:  layout_basic_swamp, evilmike_swamp_ruin_rubble_2
Swamp:3:  layout_basic_swamp, serial_swamp_ruin, evilmike_swamp_ruin_house_1,
          evilmike_swamp_ruin_rubble_1
Swamp:4:  byrel_swamp_growth_death_and_undeath, layout_basic_swamp, swamp_pool1,
          infiniplex_staircase_pool_2, uniq_roxanne
Snake:1:  layout_onion_interference, grunt_megastairs_5, minmay_shop_grove,
          serial_bayou_shore_a, uniq_aizul
Snake:2:  onia_ninara_swampy_vault, layout_cave_shapes, serial_shops,
          nicolae_shop_overgrown_old_shop, evilmike_ambush
          [evilmike_ambush_outer_basic, evilmike_ambush_inner_basic]
Orc:1:    layout_caves, serial_shops, nicolae_shop_statue_plus, enter_bailey_2
Orc:2:    st_orc_town, layout_diamond_mine, minmay_orc_treasury

Skill      XL: |  1  2  3  4  5  6  7  8  9 10 11 12 13 14 15 16 17 |
---------------+----------------------------------------------------+-----
Maces & Flails | 3 4 5 7 8 10 11 12 13 14 | 14.0
Fighting       | 4 5 6 7 8 9 10 11 12 | 12.8
Armour         | 4 5 6 7 8 9 10 11 12 | 12.8
Shields        | 4 5 6 7 8 9 10 11 12 | 12.7
Invocations    | 1 3 5 6 8 9 10 | 10.9
Dodging        | 1 2 3 4 5 6 7 |  7.7
Slings         | 2 4 |  4.3
Summonings     | 2 5 7 8 10 | 10.7
Spellcasting   | 1 3 5 6 7 |  7.5
Air Magic      | 2 3 4 |  4.6
Crossbows      | 3 5 |  5.8

Action                   |  1- 3 |  4- 6 |  7- 9 | 10-12 | 13-15 | 16-18 || total
-------------------------+-------+-------+-------+-------+-------+-------++-------
Melee: Flail             |   159 |   149 |   294 |   446 |  1604 |   835 ||  3487
       Unarmed           |       |       |       |       |     2 |       ||     2
 Fire: Hunting sling     |       |       |       |    34 |    11 |       ||    45
       Hand crossbow     |       |       |       |       |       |    44 ||    44
Throw: Stone             |       |     3 |    14 |     9 |       |       ||    26
Invok: Divine Shield     |       |       |       |     4 |    10 |     7 ||    21
       Cleansing Flame   |       |       |       |       |     4 |     7 ||    11
 Abil: Fly               |       |       |       |       |     1 |       ||     1
Evoke: Wand              |       |     1 |       |       |       |       ||     1
  Use: Scroll            |     1 |    12 |       |    11 |    16 |     6 ||    46
       Potion            |       |       |       |     1 |     3 |     2 ||     6
  Eat: Chunk             |     4 |     5 |     8 |     8 |    32 |    11 ||    68
       Ration            |       |       |     1 |     3 |     1 |     2 ||     7
Armor: Scale mail        |    69 |       |       |       |       |       ||    69
       Ring mail         |     2 |    20 |       |       |       |       ||    22
       Plate armour      |       |    32 |    84 |       |       |       ||   116
       Chain mail        |       |       |    20 |   145 |    30 |       ||   195
       Fire dragon scale |       |       |       |       |   647 |   625 ||  1272
Dodge: Dodged            |    32 |    24 |    32 |    68 |   571 |   370 ||  1097
Block: Kite shield       |    89 |   102 |   167 |   318 |  1782 |   902 ||  3360
       Reflection        |       |       |     3 |     6 |    63 |    56 ||   128
       Other             |       |       |       |       |     2 |       ||     2
       Tower shield      |       |       |       |       |       |   160 ||   160
